 Dungeon Crawl Stone Soup version 0.25-a0-578-gc91f01c (webtiles) character file.

Game seed: 11578607654480594430, levelgen mode: deterministic

35 Faels the Skirmisher (level 3, -1/29 HPs)
             Began as a Demonspawn Fighter on Mar 5, 2020.
             Was an Initiate of Okawaru.
             Killed from afar by Robin (10 damage)
             ... with a puff of flame
             ... on level 2 of the Dungeon.
             The game lasted 00:02:46 (1238 turns).

Faels the Skirmisher (Demonspawn Fighter)           Turns: 1238, Time: 00:02:46

Health: -1/29      AC: 11    Str: 16    XL:     3   Next: 16%
Magic:  3/3        EV:  8    Int: 12    God:    Okawaru [......]
Gold:   85         SH:  8    Dex: 13    Spells: 2/2 levels left

rFire    . . .     SeeInvis .   a - +0 long sword
rCold    . . .     Gourm    .   c - +0 kite shield
rNeg     . . .     Faith    .   s - +0 plate armour
rPois    .         Spirit   .   (no helmet)
rElec    .         Reflect  .   (no cloak)
rCorr    .         Harm     .   (no gloves)
MR       .....                  (no boots)
Stlth    ..........             (no amulet)
HPRegen  0.09/turn              l - +4 ring of evasion
MPRegen  0.08/turn              n - +3 ring of intelligence

@: mighty
A: rot immunity, sturdy frame 1
a: Renounce Religion


You were on level 2 of the Dungeon.
You worshipped Okawaru.
Okawaru was noncommittal.
You were not hungry.

You visited 1 branch of the dungeon, and saw 2 of its levels.

You collected 85 gold pieces.

Inventory:

Hand Weapons
 a - a +0 long sword (weapon)
 o - a +1 spear of distortion
 r - a +4 short sword
Armour
 b - a +0 scale mail
 c - a +0 kite shield (worn)
 s - a +0 plate armour (worn)
Jewellery
 l - a +4 ring of evasion (left hand)
 n - a +3 ring of intelligence (right hand)
Scrolls
 e - a scroll of teleportation {unknown}
 i - 2 scrolls of identify {unknown}
 q - a scroll of immolation {unknown}
Potions
 h - 2 potions of mutation {unknown}
 j - 2 potions of flight {unknown}
 k - a potion of berserk rage {unknown}
 m - a potion of haste {unknown}
Comestibles
 f - 5 rations
 p - 7 chunks of flesh


   Skills:
 - Level 3.0 Fighting
 * Level 3.0 Long Blades
 - Level 2.6 Armour
 - Level 1.0 Dodging
 - Level 2.6 Shields


You had 2 spell levels left.
You didn't know any spells.
Your spell library contained the following spells:

 Spells                   Type           Power        Failure   Level  Hunger
 Magic Dart               Conj           #...         100%        1    ##.....


Dungeon Overview and Level Annotations

Branches:
Dungeon (2/15)

Altars:
Kikubaaqudgha
Okawaru
Sif Muna
Vehumet

Annotations:
D:2 Robin


Innate Abilities, Weirdness & Mutations

You are immune to rotting.
Your movements are slightly less encumbered by armour. (ER -2)


Message History

The goblin hits you but does no damage.
You slash the hobgoblin!
You kill the hobgoblin!
Okawaru accepts your kill. The goblin hits you but does no damage.
Robin's horned helmet rattles.
Robin throws the goblin at you!
The goblin barely misses you. x2; You riposte.
You closely miss the goblin. You hit the goblin.
You kill the goblin!
Okawaru accepts your kill. The goblin hits you but does no damage.
Robin throws the goblin at you! You block the goblin's attack.
The goblin closely misses you. You block the goblin's attack.
Your shield and plate armour prevent you from hitting the goblin.
Robin throws the goblin at you! The goblin hits you with a +0 club.
The hobgoblin barely misses you. The goblin hits you.
The goblin hits you but does no damage. x2; You block the goblin's attack.
Robin zaps a wand.
The puff of flame hits you!
You die...

###....#..,,* *,* #......?.#***
*,* #.##....#* ###### #.##..>####
##._.8# ####.##.....?# #8...#*
##..).>..K....# ###...####
#..##.........###8##.#.... #####
##.###...ggg....#...#......
..(.###..# #...g@)..#.#_....⌠....
....##..## #...ggg..###...#..#...
.......## ########## ##8##.##...
.....#### ###...8#[.
........####### #8...##(.
....###.......############._.##.)
....# ######.............####....
....# ##############........
....# #######..


You could see Robin, a hobgoblin, 5 goblins and a kobold.

Vanquished Creatures
  A worm (D:2)
  A leopard gecko (D:2)
  2 giant cockroaches (D:1)
  4 hobgoblins
  2 jackals (D:1)
  6 kobolds
  3 bats
  A frilled lizard (D:2)
  4 goblins
  5 rats
29 creatures vanquished.

Notes
Turn   | Place    | Note
-------+----------+-------------------------------------------
     0 | D:1      | Faels the Demonspawn Fighter began the quest for the Orb.
     0 | D:1      | Reached XP level 1. HP: 18/18 MP: 1/1
   370 | D:1      | Gained mutation: You are immune to rotting. [demonic
                  | ancestry]
   370 | D:1      | Reached XP level 2. HP: 24/24 MP: 2/2
   984 | D:2      | Reached skill level 1 in Dodging
  1013 | D:2      | Found an iron altar of Okawaru.
  1023 | D:2      | Became a worshipper of Warmaster Okawaru
  1056 | D:2      | Found a radiant altar of Vehumet.
  1094 | D:2      | Found an ancient bone altar of Kikubaaqudgha.
  1101 | D:2      | Identified Vehumet's Tome of Arcane Weapons
  1105 | D:2      | Found a shimmering blue altar of Sif Muna.
  1202 | D:2      | Gained mutation: Your movements are slightly less
                  | encumbered by armour. (ER -2) [demonic ancestry]
  1202 | D:2      | Reached XP level 3. HP: 29/29 MP: 3/3
  1222 | D:2      | Noticed Robin
  1238 | D:2      | Killed from afar by Robin

Levels and vault maps discovered:
D:1:      lightli_arrival_statue_moat, layout_basic
D:2:      layout_rooms, grunt_temple_overflow_magic_moments, marbit_many_paths,
          uniq_robin

Skill      XL: |  1  2  3 |
---------------+----------+-----
Long Blades    | 2 3 |  3.0
Dodging        | 1 |  1.0
Fighting       | |  3.0
Armour         | |  2.6
Shields        | |  2.6

Action                   || total
-------------------------++-------
Melee: Long sword        ||   120
  Use: Scroll            ||     1
       Potion            ||     1
  Eat: Chunk             ||     1
Armor: Scale mail        ||    37
       Plate armour      ||    18
Dodge: Dodged            ||    51
Block: Kite shield       ||    68
       Rpst.: Long sword ||    19

Table legend:
 A = Non-vault XP
 B = Vault XP
 C = Vault XP percentage of total XP
 D = Non-vault monster count
 E = Vault monster count
 F = Vault count percentage of total count
                 A         B        C        D         E       F
            +---------+---------+-------+---------+---------+-------
      Total |      41 |       9 |  18.0 |      24 |       5 |  17.2
            +---------+---------+-------+---------+---------+-------
        D:1 |      20 |       0 |   0.0 |      12 |       0 |   0.0
        D:2 |      21 |       9 |  30.0 |      12 |       5 |  29.4
            +---------+---------+-------+---------+---------+-------
